 Dungeon Crawl Stone Soup version 0.26.1-11-gd32895ea62 (webtiles) character file.

Game seed: 17936696193537666898

3852 bnorton916 the Blocker (level 10, -12/83 HPs)
             Began as a Formicid Fighter on June 12, 2021.
             Was an Initiate of Gozag.
             Mangled by a swamp worm (13 damage)
             ... on level 8 of the Dungeon.
             The game lasted 00:18:18 (9962 turns).

bnorton916 the Blocker (Formicid Fighter)           Turns: 9962, Time: 00:18:19

Health: -12/83     AC: 11    Str: 23    XL:     10   Next: 41%
Magic:  10/10      EV: 10    Int:  9    God:    Gozag
Gold:   985        SH: 11    Dex: 10    Spells: 9/9 levels left

rFire    + . .     SeeInvis +   l - +3 hand axe (vorpal)
rCold    . . .     Faith    .   c - +0 kite shield
rNeg     . . .     Spirit   .   q - +2 ring mail {rF+}
rPois    .         Reflect  .   (helmet unavailable)
rElec    .         Harm     .   (no cloak)
rCorr    .         Rampage  .   (no gloves)
Will     +....                  i - +1 pair of boots
Stlth    ..........             (no amulet)
HPRegen  0.23/turn              (no ring)
MPRegen  0.12/turn              (no ring)

@: mighty, brilliant, gold aura, attractive, very slightly contaminated,
invisible
A: permanent stasis, dig shafts and tunnels, four strong arms, antennae 3
a: Dig, Shaft Self, Renounce Religion, Potion Petition, Call Merchant, Bribe
Branch


You were on level 8 of the Dungeon.
You worshipped Gozag.
Gozag was pleased with you.
You visited 2 branches of the dungeon, and saw 11 of its levels.
You also visited: Ossuary.

You collected 1379 gold pieces.
You spent 299 gold pieces at shops.
You paid 95 gold pieces to Gozag.

Inventory:

Hand Weapons
 a - a +0 war axe
 h - a +2 dagger of electrocution
 l - a +3 vorpal hand axe (weapon)
Armour
 c - a +0 kite shield (worn)
 g - a +2 chain mail of cold resistance
 i - a +1 pair of boots (worn)
 q - a +2 ring mail of fire resistance (worn)
 r - a +3 chain mail
Scrolls
 d - 3 scrolls of amnesia
 f - a scroll of enchant armour
 k - 3 scrolls of remove curse
 m - a scroll of fog
 o - a scroll of enchant weapon
 v - a scroll of brand weapon {unknown}
 y - 6 scrolls of immolation
 A - 7 scrolls of magic mapping
Potions
 b - a potion of attraction
 e - a potion of brilliance
 j - 2 potions of mutation
 n - 5 potions of flight
 p - 7 potions of lignification
 s - 8 potions of curing
 t - 2 potions of resistance
 w - 2 potions of magic
 x - a potion of ambrosia {unknown}


   Skills:
 + Level 9.0 Fighting
 + Level 7.8 Axes
 - Level 8.1 Armour
 - Level 9.0 Shields


You had 9 spell levels left.
You didn't know any spells.
Your spell library contained the following spells:

 Spells                   Type           Power        Failure   Level
 Animate Skeleton         Necr           0%           52%         1
 Apportation              Tloc           0%           52%         1
 Corona                   Hex            0%           52%         1
 Summon Small Mammal      Summ           0%           52%         1
 Summon Guardian Golem    Hex/Summ       0%           87%         3
 Summon Lightning Spire   Summ/Air       0%           99%         4
 Summon Demon             Summ           0%           100%        5
 Summon Forest            Summ/Tloc      0%           100%        5


Dungeon Overview and Level Annotations

Branches:
Dungeon (10/15)            Temple (1/1) D:6            Lair (0/6) D:8
Ossuary (visited)
    Orc: D:9-12

Altars:
Ashenzari
Cheibriados
Dithmenos
Elyvilon
Fedhas
Gozag
Hepliaklqana
Kikubaaqudgha
Makhleb
Nemelex Xobeh
Okawaru
Qazlal
Ru
Sif Muna
Trog
Uskayaw
Vehumet
Wu Jian
Xom
Yredelemnul
Zin
The Shining One

Shops:
D:5 *   D:7 *

Annotations:
D:7 Harold


Innate Abilities, Weirdness & Mutations

You cannot be hasted, slowed, berserked, paralysed or teleported.
You can dig through walls and to a lower floor.
Your four strong arms can wield two-handed weapons with a shield.
You have a pair of large antennae on your head. (SInv)


Message History

* * * LOW HITPOINT WARNING * * *
You barely miss the swamp worm.
The swamp worm is severely wounded.
You block the swamp worm's attack. x2
You catch the helpless swamp worm completely off-guard!
You slash the swamp worm!
You kill the swamp worm!
Your Fighting skill increases to level 9!
You closely miss the swamp worm. You block the swamp worm's attack.
You barely miss the swamp worm. The swamp worm bites you!
* * * LOW HITPOINT WARNING * * *
You slash the swamp worm!
The swamp worm is heavily wounded.
The swamp worm bites you.
* * * LOW HITPOINT WARNING * * *
You closely miss the swamp worm.
The swamp worm is heavily wounded.
The swamp worm bites you!
You die...
Your body crumbles into a pile of gold.

###....#..#.............
###.^##.#.............
#.....##...)#..#..#.
#........####....##.
##.ww.....# #.......
###.##..## ####....
#.#.#### ###.. ##w## ###
#@## ###


You could see a swamp worm.

Vanquished Creatures
  A centaur skeleton (D:10)
  Sigmund (D:2)
  3 yaks (D:9)
  2 swamp worms (D:8)
  An acid dragon (D:9)
  2 hornet zombies
  An orc warrior (D:7)
  A black bear (D:5)
  An ice beast (D:8)
  A phantom (D:4)
  3 ogres
  4 centaurs
  2 bullfrogs
  A gnoll sergeant (D:5)
  A scorpion (D:5)
  A howler monkey (D:4)
  A centaur zombie (Ossuary)
  A bullfrog zombie (D:5)
  2 hounds (D:8)
  A jelly (D:8)
  5 orc wizards
  3 orc priests
  3 iguanas
  Natasha (twice) (D:3)
  6 worker ants
  2 big kobold zombies (Ossuary)
  A hound skeleton (D:5)
  A worker ant zombie (D:6)
  A howler monkey zombie (D:5)
  4 mummies (Ossuary)
  18 gnolls
  5 adders
  3 shadow imps
  3 white imps
  2 ufetubi
  An ooze (D:2)
  An adder skeleton (D:4)
  A worm (D:4)
  2 dart slugs
  A leopard gecko (D:7)
  8 orcs
  6 giant cockroaches
  2 gnoll zombies (Ossuary)
  10 hobgoblins
  26 jackals
  7 kobolds
  6 quokkas
  3 ball pythons
  5 bats
  7 frilled lizards
  7 goblins
  A goblin zombie (Ossuary)
  2 kobold zombies (Ossuary)
  A quokka zombie (D:5)
  6 rats
193 creatures vanquished.

Vanquished Creatures (others)
  A sky beast (D:5)
  4 plants (D:8)
5 creatures vanquished.

Grand Total: 198 creatures vanquished

Notes
Turn   | Place    | Note
-------+----------+-------------------------------------------
     0 | D:1      | bnorton916 the Formicid Fighter began the quest for the
                  | Orb.
     0 | D:1      | Reached XP level 1. HP: 18/18 MP: 1/1
    56 | D:1      | Reached XP level 2. HP: 19/24 MP: 2/2
   321 | D:1      | Reached XP level 3. HP: 29/29 MP: 3/3
   747 | D:2      | Found a bloodstained altar of Trog.
   761 | D:2      | Noticed Sigmund
   941 | D:2      | Reached XP level 4. HP: 35/37 MP: 4/4
  1049 | D:2      | Killed Sigmund
  1050 | D:2      | Reached XP level 5. HP: 21/43 MP: 5/5
  1050 | D:2      | Reached XP level 6. HP: 24/49 MP: 6/6
  1444 | D:3      | Noticed Natasha
  1451 | D:3      | Killed Natasha
  1452 | D:3      | Reached skill level 5 in Shields
  1933 | D:3      | Noticed Natasha
  1945 | D:3      | Killed Natasha
  2293 | D:3      | Reached XP level 7. HP: 50/55 MP: 7/7
  2432 | D:3      | Reached skill level 5 in Fighting
  2434 | D:3      | Reached skill level 5 in Armour
  2556 | D:3      | Found a shimmering blue altar of Sif Muna.
  3372 | D:4      | Found an opulent altar of Gozag.
  3393 | D:4      | Became a worshipper of Gozag Ym Sagoz the Greedy
  3713 | D:4      | Reached XP level 8. HP: 43/63 MP: 8/8
  4193 | D:4      | Found an ornate altar of the Wu Jian Council.
  4358 | D:5      | Entered Level 5 of the Dungeon
  4376 | D:5      | Found a broken altar of Ashenzari.
  4382 | D:5      | Found Ceclauxt's Assorted Antiques.
  4393 | D:5      | Bought a dented citrine amulet for 130 gold pieces
  4393 | D:5      | Bought a scroll labelled QEMUJE KAKKU for 26 gold pieces
  4477 | D:5      | Found a sand-covered staircase.
  4483 | Ossuary  | Entered an ossuary
  5172 | D:5      | Reached XP level 9. HP: 69/69 MP: 9/9
  5203 | D:5      | Reached skill level 5 in Axes
  5895 | D:5      | Found an opulent altar of Gozag.
  6128 | D:5      | Bought a scroll of magic mapping for 91 gold pieces
  6128 | D:5      | Bought a scroll of identify for 52 gold pieces
  6758 | D:6      | Found a staircase to the Ecumenical Temple.
  6770 | Temple   | Entered the Ecumenical Temple
  6924 | D:6      | Found an iron altar of Okawaru.
  7921 | D:7      | Found Iiefagih's Incredible Inventory.
  7948 | D:7      | Noticed Harold
  8015 | D:7      | You fall into a shaft and drop 2 floors!
  8025 | D:10     | Entered Level 10 of the Dungeon
  8539 | D:9      | Reached XP level 10. HP: 55/80 MP: 10/10
  9579 | D:8      | Found a staircase to the Lair.
  9799 | D:8      | Found a hide-covered altar of Uskayaw.
  9828 | D:8      | Identified the Grimoire of Companions
  9851 | D:8      | Found a shadowy altar of Dithmenos.
  9854 | D:8      | Found a basalt altar of Yredelemnul.
  9859 | D:8      | Found a sacrificial altar of Ru.
  9861 | D:8      | Found an ancient bone altar of Kikubaaqudgha.
  9879 | D:8      | Found a sparkling altar of Nemelex Xobeh.
  9945 | D:8      | HP: 2/82 [swamp worm (12)]
  9961 | D:8      | HP: 1/83 [swamp worm (5)]
  9962 | D:8      | Mangled by a swamp worm

Illustrated notes

Levels and vault maps discovered:
D:1:      giann_bridges, layout_rooms, serial_aquarium,
          aquarium_bridge_island_large [aquarium_subvault_large_open,
          aquarium_subvault_wall, aquarium_subvault_bridge,
          aquarium_subvault_window, aquarium_subvault_bridge],
          aquarium_window_1, aquarium_window_corridor_3, aquarium_window_corner,
          aquarium_window_2, aquarium_view_2a
D:2:      layout_rooms, bloody_trog, uniq_sigmund
D:3:      layout_loops_corners, led_sif_pool, uniq_natasha
D:4:      layout_loops_corners, nzn_wu_jian_council_hall, minivault_5,
          nicolae_gozag_cash_rules_everything_around_me
D:5:      layout_loops_ring, old_standard_altar, kennysheep_mini, serial_shops,
          nicolae_shop_waterfront, lightli_ossuary_entry_decrepit_ruins
D:6:      layout_basic, lemuel_doored_altar, minmay_temple_entry_mist,
          serial_co_window_serial, co_window_corner_a, co_window_paths_a,
          co_window_of_opportunity_a, co_window_paths_b, co_window_paths_a,
          co_window_of_opportunity_a, co_window_broadway_a,
          co_window_of_opportunity_c, co_window_broadway_a, co_window_paths_d,
          co_window_4corner_a, glass_columns_b, glass_columns_c,
          glass_columns_b, glass_columns_a, glass_columns_a
D:7:      layout_basic, nicolae_alphabet_shops, uniq_harold, uniq_joseph
D:8:      layout_cave_pools, nemelex_xobeh_ov_fountains_minmay, minitemple,
          eat_drink_and_be_merry_uskayaw, dpeg_oklobed_lair,
          minmay_misc_feat_tiny, worms_lemuel
D:9:      layout_irregular_city, serial_rivers, chequers_serial_rivers_small_3,
          chequers_serial_rivers_micro_d, chequers_serial_rivers_micro_a,
          chequers_serial_rivers_small_a
D:10:     layout_rooms
Temple:   eino_temple_lava

Skill      XL: |  1  2  3  4  5  6  7  8  9 10 |
---------------+-------------------------------+-----
Shields        | 4 5 6 9 |  9.0
Fighting       | 4 5 7 9 |  9.0
Axes           | 3 4 6 7 |  7.8
Armour         | 4 5 7 8 |  8.1

Action                   |  1- 3 |  4- 6 |  7- 9 | 10-12 || total
-------------------------+-------+-------+-------+-------++-------
Melee: War axe           |    39 |       |       |       ||    39
       Hand axe          |    61 |   105 |   495 |   114 ||   775
 Abil: Dig               |     2 |     5 |    12 |     3 ||    22
       Shaft Self        |       |       |     1 |       ||     1
  Use: Potion            |       |     1 |     4 |     7 ||    12
       Scroll            |       |     6 |    11 |     1 ||    18
 Stab: Distracted        |       |       |     2 |       ||     2
       Invisible         |       |       |       |     2 ||     2
Armor: Scale mail        |    50 |    18 |     4 |       ||    72
       Ring mail         |       |       |   119 |    21 ||   140
Dodge: Dodged            |    40 |    14 |   138 |    41 ||   233
Block: Kite shield       |    58 |    43 |   233 |    56 ||   390
